 Dungeon Crawl Stone Soup version 0.17-a0-1020-ge683cc4 (console) character file.

37 Monkaria the Skirmisher (level 3, -1/30 HPs)
             Began as a Demonspawn Chaos Knight on May 14, 2015.
             Killed from afar by Sigmund (10 damage)
             ... with a wand of magic darts
             ... on level 2 of the Dungeon.
             The game lasted 00:02:44 (789 turns).

Monkaria the Skirmisher (Demonspawn Chaos Knight)    Turns: 789, Time: 00:02:44

Health: -1/30      AC:  7    Str: 13    XL:     3   Next: 21%
Magic:  0/3        EV: 11    Int: 13    God:    Xom [.*....]
Gold:   0          SH:  0    Dex: 12    Spells: 0 memorised, 2 levels left

rFire  + . .     SeeInvis .     a - +0 falchion (chaos)
rCold  . . .     Clarity  .     b - +2 leather armour
rNeg   . . .     SustAb   .     (no shield)
rPois  .         Gourm    .     (no helmet)
rElec  .         Spirit   +     (no cloak)
rCorr  .         Warding  .     (no gloves)
rMut   .         Stasis   .     (no boots)
MR     .....                    (no amulet)
Stlth  +.........               (no ring)
                                g - ring of protection from fire

@: confused, not resistant to hostile enchantments, very unstealthy
A: thin metallic scales 1, magic shield
a: Renounce Religion


You were on level 2 of the Dungeon.
You worshipped Xom.
You were a plaything of Xom.
You were not hungry.

You visited 1 branch of the dungeon, and saw 2 of its levels.

Inventory:

Hand weapons
 a - a +0 falchion of chaos (weapon)
Missiles
 e - 19 poisoned needles
Armour
 b - a +2 leather armour (worn)
Jewellery
 g - a ring of protection from fire (left hand)
Scrolls
 h - 2 scrolls of enchant weapon
 i - 2 scrolls of remove curse {unknown}
Comestibles
 c - a bread ration
 f - a beef jerky


   Skills:
 - Level 4.0 Fighting
 + Level 3.1 Long Blades
 - Level 1.7 Armour
 - Level 0.8 Dodging


You had 2 spell levels left.
You didn't know any spells.

Dungeon Overview and Level Annotations

Branches:
Dungeon (2/15)

Altars:
Makhleb
Okawaru
Qazlal
Vehumet

Annotations:
D:2 Sigmund


Innate Abilities, Weirdness & Mutations

You are partially covered in thin metallic scales (AC +2).
When hurt, damage is shared between your health and your magic reserves.


Message History

You are confused.
Sigmund asks, "Do you like me?"
Sigmund hits you from afar with a vampiric scythe.
Sigmund zaps a wand.
The magic dart hits you!
You feel less confused. Sigmund casts a spell at you.
You are confused.
Sigmund zaps a wand.
The magic dart hits you!
Sigmund zaps a wand.
The magic dart hits you!
You're too confused!
You bump into the rock wall.
Sigmund zaps a wand.
The magic dart hits you!
You bump into the rock wall.
Sigmund gestures at you while chanting.
You are more confused.
You're too confused to move!
Sigmund hits you from afar with a vampiric scythe.
* * * LOW HITPOINT WARNING * * *
You bump into the rock wall.
Sigmund zaps a wand.
The magic dart hits you!
You die...
Xom roars with laughter!

..##....# #. #.#..### ..
#.#....### #. #...._...# #@
#........## #. ............#
######. ### ###._..8.._..
.......#####.#####..........
#...@.@..#...........##
#######.........._...#
####.##.##....##
#.##.####..# #>##.###..##
#.##......# #.######.###
#..........# ########.#.#


You could see Sigmund.

Vanquished Creatures
  A worm (D:2)
  A giant cockroach (D:1)
  4 goblins
  6 hobgoblins (D:1)
  11 kobolds (D:1)
  A bat (D:1)
  A giant gecko (D:1)
  A giant newt (D:1)
  6 rats
32 creatures vanquished.

Notes
Turn   | Place    | Note
--------------------------------------------------------------
     0 | D:1      | Monkaria the Demonspawn Chaos Knight began the quest for the Orb.
     0 | D:1      | Reached XP level 1. HP: 18/18 MP: 1/1
   115 | D:1      | Gained mutation: You are partially covered in thin metallic scales (AC +2). [demonic ancestry]
   115 | D:1      | Reached XP level 2. HP: 18/24 MP: 2/2
   209 | D:1      | XOM: silly message
   290 | D:1      | XOM: enchant monster (bad)
   298 | D:1      | Reached skill level 4 in Fighting
   459 | D:1      | Gained mutation: When hurt, damage is shared between your health and your magic reserves. [demonic ancestry]
   459 | D:1      | Reached XP level 3. HP: 28/30 MP: 3/3
   720 | D:2      | Found an iron altar of Okawaru.
   723 | D:2      | Found a radiant altar of Vehumet.
   728 | D:2      | Found a burning altar of Makhleb.
   730 | D:2      | Found a stormy altar of Qazlal.
   772 | D:2      | Noticed Sigmund
   789 | D:2      | Killed from afar by Sigmund

Vault maps used:
D:1:      sevenhm_arrival_forest_fort_small_3, serial_bayou_pond_a, st_stairs_14
D:2:      grunt_temple_overflow_open, corexii_corridor_pit, uniq_sigmund,
          uniq_terence

Action                   || total
-------------------------++-------
Melee: Falchion          ||   101
  Use: Scroll            ||     1
